 Dungeon Crawl Stone Soup version 0.27-a0-1500-g450c7e4133 (webtiles) character file.

Game seed: 3169042532809038373

187 raph the Conjurer (level 5, -2/28 HPs)
             Began as a Deep Elf Conjurer on July 7, 2021.
             Slain by a wyvern (17 damage)
             ... on level 4 of the Dungeon.
             The game lasted 00:05:56 (4148 turns).

raph the Conjurer (Deep Elf Conjurer)               Turns: 4148, Time: 00:05:56

Health: -2/28      AC:  2    Str:  4    XL:     5   Next: 39%
Magic:  7/12       EV: 12    Int: 24    God:
Gold:   25         SH:  0    Dex: 13    Spells: 3/11 levels left

rFire    . . .     SeeInvis .   h - +0 long sword
rCold    . . .     Faith    .   (no shield)
rNeg     . . .     Spirit   .   a - +0 robe
rPois    .         Reflect  .   (no helmet)
rElec    .         Harm     .   (no cloak)
rCorr    .         Rampage  .   (no gloves)
Will     .....                  (no boots)
Stlth    ++........             (no amulet)
HPRegen  0.09/turn              (no ring)
MPRegen  0.13/turn              (no ring)

@: no status effects
A: no striking features
a: no special abilities


You were on level 4 of the Dungeon.
You visited 1 branch of the dungeon, and saw 4 of its levels.

You collected 130 gold pieces.
You spent 105 gold pieces at shops.

Inventory:

Hand Weapons
 b - a +0 dagger
 h - a +0 long sword (weapon)
Armour
 a - a +0 robe (worn)
Scrolls
 d - a scroll of enchant armour {unknown}
 e - a scroll of blinking
Potions
 c - 2 potions of brilliance
 f - 2 potions of curing
 g - a potion of heal wounds
 i - a potion of degeneration {unknown}


   Skills:
 - Level 2.4 Dodging
 - Level 2.4 Stealth
 + Level 3.5 Spellcasting
 * Level 7.2 Conjurations


You had 3 spell levels left.
You knew the following spells:

 Your Spells              Type           Power      Damage    Failure   Level
a - Magic Dart            Conj           100%       1d8       1%          1
b - Searing Ray           Conj           78%        3d6       1%          2
c - Blink                 Tloc           N/A        N/A       16%         2
d - Dazzling Flash        Conj/Hex       42%        N/A       7%          3

Your spell library contained the following spells:

 Spells                   Type           Power      Damage    Failure   Level
 Static Discharge         Conj/Air       21%        N/A       3%          2
 Lesser Beckoning         Tloc           2%         N/A       30%         3
 Fulminant Prism          Conj/Hex       10%        3d9       22%         4
 Iskenderun's Mystic Bla  Conj/Tloc      21%        2d6       22%         4
 Lightning Bolt           Conj/Air       10%        1d23      54%         5
 Manifold Assault         Tloc           4%         N/A       96%         5
 Maxwell's Capacitive Co  Air            2%         ∞         100%        8


Dungeon Overview and Level Annotations

Branches:
Dungeon (4/15)
 Temple: D:4-7

Altars:
The Shining One

Shops:
D:1 ?


Message History

There is a stone staircase leading up here.
Found a leather armour.
You open the door.
A goblin comes into view. It is wielding a +0 dagger.
The goblin shouts!
Aiming: Magic Dart (safe; 1% risk of failure)
Press: ? - help, Q - select action, (/) - cycle Shift-Dir - straight line, f - goblin
Aim: a goblin, wielding a +0 dagger (100% to hit)
The magic dart hits the goblin.
The goblin is heavily wounded.
Aiming: Magic Dart (safe; 1% risk of failure)
Press: ? - help, Q - select action, (/) - cycle Shift-Dir - straight line, f/p - goblin
Aim: a goblin, wielding a +0 dagger (heavily wounded, 100% to hit)
The magic dart hits the goblin!
You kill the goblin!
You start resting.
Magic restored.
A wyvern comes into view.
Aiming: Magic Dart (safe; 1% risk of failure)
Press: ? - help, Q - select action, (/) - cycle Shift-Dir - straight line, f - wyvern
Aim: a wyvern (asleep, 100% to hit)
The magic dart hits the wyvern.
The wyvern is lightly wounded.
The wyvern hisses angrily.
Casting: Magic Dart (safe; 1% risk of failure)
Confirm with . or Enter, or press ? or * to list all spells.
Aiming: Searing Ray (safe; 1% risk of failure)
Press: ? - help, Shift-Dir - straight line, f/p - wyvern
Aim: a wyvern (81% to hit)
The searing ray hits the wyvern.
The wyvern is lightly wounded. (Press . to maintain the ray.)
The searing ray hits the wyvern!
The wyvern is heavily wounded.
The wyvern bites you!
The searing ray hits the wyvern!
The wyvern is severely wounded.
The wyvern bites you!
Ouch! That really hurt!
You die...

.# .# .# .# ##### .#
#...# .######
######)..###.......
###..........@l..#
#..........#####.#
####...........###
...'..............
####...........####
####..............#
..................
######.#......###.#.
#......##...........


You could see a wyvern.

Vanquished Creatures
  A howler monkey (D:3)
  An orc wizard (D:3)
  5 adders
  2 dart slugs (D:3)
  4 orcs (D:3)
  5 bats
  8 endoplasms
  2 giant cockroaches (D:1)
  4 goblins
  7 hobgoblins
  6 kobolds
  2 quokkas
  12 ball pythons
  5 frilled lizards
  8 rats
72 creatures vanquished.

Notes
Turn   | Place    | Note
-------+----------+-------------------------------------------
     0 | D:1      | raph the Deep Elf Conjurer began the quest for the Orb.
     0 | D:1      | Reached XP level 1. HP: 10/10 MP: 6/6
    75 | D:1      | Found Moidder's Magic Scroll Emporium.
   172 | D:1      | Reached XP level 2. HP: 15/15 MP: 6/8
   193 | D:1      | Learned a level 2 spell: Searing Ray
   295 | D:1      | Reached skill level 5 in Conjurations
   985 | D:1      | Found a faded altar of an unknown god.
  1016 | D:1      | Reached XP level 3. HP: 19/19 MP: 6/9
  1486 | D:2      | Reached skill level 6 in Conjurations
  1624 | D:2      | Reached XP level 4. HP: 24/24 MP: 5/10
  1693 | D:2      | Learned a level 2 spell: Blink
  1697 | D:2      | Learned a level 3 spell: Dazzling Flash
  2451 | D:3      | Found a glowing golden altar of the Shining One.
  2754 | D:3      | Reached XP level 5. HP: 28/28 MP: 6/11
  2860 | D:3      | Reached skill level 7 in Conjurations
  3991 | D:1      | Bought a scroll of blinking for 105 gold pieces
  4143 | D:4      | Noticed a wyvern
  4148 | D:4      | Slain by a wyvern

Illustrated notes

Levels and vault maps discovered:
D:1:      tarquinn_simple_flora_water_b, layout_basic, serial_shops,
          nicolae_shop_stone, ebering_ecumenical_altar_webs,
          chequers_serial_rivers_marsh
D:2:      layout_loops_ring
D:3:      layout_basic, mainiacjoe_overflow_paths, serial_rivers,
          chequers_serial_rivers_micro_a, chequers_serial_rivers_micro_c,
          chequers_serial_rivers_small_a, chequers_serial_rivers_marsh,
          palyth_stone_intersect
D:4:      layout_basic, nicolae_overflow_crystal_walls, kennysheep_windowed_goal

Skill      XL: |  1  2  3  4  5 |
---------------+----------------+-----
Conjurations   | 5 6 7 |  7.2
Dodging        | |  2.4
Stealth        | |  2.4
Spellcasting   | |  3.5

Action                   |  1- 3 |  4- 6 || total
-------------------------+-------+-------++-------
Melee: Dagger            |     1 |       ||     1
       Long sword        |     1 |    14 ||    15
 Cast: Magic Dart        |    43 |    36 ||    79
       Searing Ray       |    11 |    12 ||    23
  Use: Scroll            |       |     5 ||     5
 Stab: Sleeping          |       |     1 ||     1
Armor: Robe              |     3 |     2 ||     5
Dodge: Dodged            |     7 |    11 ||    18
       Rpst.: Long sword |     2 |     4 ||     6

Table legend: (Time is in decaauts)
 A = Elapsed time spent in this place.
 B = Non-inter-level travel time spent in this place.
 C = Inter-level travel time spent in this place.
 D = Time resting spent in this place.
 E = Time spent auto-exploring this place.
 F = Levels seen in this place.
 G = Mean time per level.
                   A        B        C        D        E       F      G
               +--------+--------+--------+--------+--------+-----+--------+
         Total |   4164 |   3648 |    516 |   1068 |   2233 |   4 | 1041.0 |
       Dungeon |   4164 |   3648 |    516 |   1068 |   2233 |   4 | 1041.0 |
               +--------+--------+--------+--------+--------+-----+--------+

Top non-repeatable levels by time:
     D:3: 1549 daAuts
     D:2: 1264 daAuts
     D:1: 1244 daAuts
     D:4: 107 daAuts
